 Dungeon Sprint DCSS version 0.28-a0-1356-g2ad6d04315 (webtiles) character file.

Game seed: 6067885933799824494

98 mhtbhm the Cudgeller (level 5, 0/46 HPs)
             Began as a Human Berserker on Dec 30, 2021.
             Was a Believer of Trog.
             Slain by a phantom (2 damage)
             ... in the Dungeon (Sprint IX: "|||||||||||||||||||||||||||||").
             The game lasted 00:00:13 (119 turns).

mhtbhm the Cudgeller (Human Berserker)               Turns: 119, Time: 00:00:13

Health: 0/46       AC:  2    Str: 19    XL:     5   Next: 1%
Magic:  5/5        EV: 13    Int:  8    God:    Trog [**....]
Gold:   0          SH:  0    Dex: 12    Spells: 4/4 levels left

rFire   . . .      SeeInvis .   a - +0 mace
rCold   . . .      Faith    .   (no shield)
rNeg    . . .      Spirit   .   b - +0 animal skin
rPois   .          Reflect  .   (no helmet)
rElec   .          Harm     .   (no cloak)
rCorr   .          Rampage  .   (no gloves)
Will    .....      NoTele   +   (no boots)
Stlth   +.........              (no amulet)
HPRegen 0.15/turn               (no ring)
MPRegen 0.09/turn               (no ring)

@: on berserk cooldown, slowed, very slow
A: no striking features
a: Renounce Religion, Berserk, Trog's Hand


You were in the Dungeon.
You worshipped Trog.
Trog was pleased with you.
You visited 1 branch

Inventory:

Hand Weapons
 a - a +0 mace (weapon)
Armour
 b - a +0 animal skin (worn)
Scrolls
 h - a scroll of blinking
Potions
 c - a potion of curing
 e - a potion of haste
 f - 2 potions of magic
 g - a potion of berserk rage


   Skills:
 + Level 6.0 Fighting
 + Level 6.5 Maces & Flails
 + Level 3.1 Armour
 + Level 3.7 Dodging


You had 4 spell levels left.
You didn't know any spells.
Your spell library was empty.

Dungeon Overview and Level Annotations

Branches:
Dungeon (1/1)

Altars:


Message History

The phantom barely misses you.
You completely miss the phantom.
The phantom is severely damaged.
The phantom hits you but does no damage.
The phantom hits you!
* * * LOW HITPOINT WARNING * * *
Unknown command.
You feel much better. The phantom closely misses you.
The phantom barely misses you.
You closely miss the phantom.
The phantom is severely damaged.
The phantom misses you.
You miss the phantom.
The phantom is severely damaged.
The phantom hits you but does no damage.
The phantom hits you!
You barely miss the phantom.
The phantom is severely damaged.
The phantom hits you but does no damage. x2
You completely miss the phantom.
The phantom is severely damaged.
The phantom hits you.
You hit the phantom.
The phantom is severely damaged.
The phantom hits you!
* * * LOW HITPOINT WARNING * * *
The phantom barely misses you.
You hit the phantom.
The phantom is almost destroyed.
The shadow imp grins evilly.
The phantom hits you.
* * * LOW HITPOINT WARNING * * *
You barely miss the phantom.
The phantom is almost destroyed.
The phantom barely misses you. The phantom hits you.
* * * LOW HITPOINT WARNING * * *
You hit the phantom but do no damage.
The phantom is almost destroyed.
The phantom hits you.
You die... ▓▓▓▓▓▓▓▓▓▓▓▓▓▓▓▓▓▓ ▓<...'†...@Wh5Z..+ ▓▓▓▓▓▓▓▓▓▓▓▓▓▓▓▓▓▓

You could see a phantom, a black bear, a shadow imp and a quokka skeleton.

Vanquished Creatures
  A sky beast (D)
  2 bats (D)
  A giant cockroach (D)
  A jackal (D)
  A ball python (D)
6 creatures vanquished.

Notes
Turn   | Place    | Note
-------+----------+-------------------------------------------
     0 | D        | mhtbhm the Human Berserker began the quest for the Orb.
     0 | D        | Reached XP level 1. HP: 18/18 MP: 1/1
    11 | D        | Reached ** piety under Trog
    88 | D        | Noticed a sky beast
    88 | D        | Noticed a phantom
    88 | D        | Noticed a black bear
    98 | D        | Killed a sky beast
    99 | D        | Reached XP level 2. HP: 18/28 MP: 2/2
    99 | D        | Reached XP level 3. HP: 22/34 MP: 3/3
    99 | D        | Reached XP level 4. HP: 26/40 MP: 4/4
    99 | D        | Reached XP level 5. HP: 30/46 MP: 5/5
   118 | D        | HP: 2/46 [phantom (6)]
   119 | D        | Slain by a phantom

Illustrated notes

Levels and vault maps discovered:
D:        linesprint [early_d, line_temple, items_1, d_10, items_2, lair_1,
          lair_end, items_3, orc_1, orc_end, items_4, d_15, swamp_1, shoals_1,
          snake_1, spider_1, d_20, vaults_1, items_5, swamp_end, shoals_end,
          snake_end, spider_end, vaults_end, d_27, items_6, zot_1, zot_end,
          crypt_end, forest_end, elf_end, slime_end, tomb_end, abyss_end,
          pan_hell_end]

Skill      XL: |  1 |
---------------+----+-----
Fighting       | 6 |  6.0
Maces & Flails | 6 |  6.5
Armour         | 3 |  3.1
Dodging        | 3 |  3.7

Action                   |  1- 3 |  4- 6 || total
-------------------------+-------+-------++-------
Melee: Mace              |    21 |    20 ||    41
Invok: Berserk           |     1 |       ||     1
  Use: Potion            |       |     1 ||     1
Armor: Animal skin       |     6 |     4 ||    10
Dodge: Dodged            |    16 |    12 ||    28

Table legend: (Time is in decaauts)
 A = Elapsed time spent in this place.
 B = Non-inter-level travel time spent in this place.
 C = Inter-level travel time spent in this place.
 D = Time resting spent in this place.
 E = Time spent auto-exploring this place.
 F = Levels seen in this place.
 G = Mean time per level.
                   A        B        C        D        E       F      G
               +--------+--------+--------+--------+--------+-----+--------+
         Total |    125 |    125 |      0 |     66 |      3 |   1 |  125.0 |
       Dungeon |    125 |    125 |      0 |     66 |      3 |   1 |  125.0 |
               +--------+--------+--------+--------+--------+-----+--------+

Top non-repeatable levels by time:
       D: 125 daAuts
